 Dungeon Crawl Stone Soup version 0.29.1-15-g9cfb28693d (webtiles) character file.

Game seed: 566626043539492407

436 ThatPearl the Chopper (level 7, -1/62 HPs)
             Began as a Hill Orc Monk on Mar 25, 2023.
             Slain by a two-headed ogre
             ... wielding a +0 giant club
              (7 damage)
             ... on level 4 of the Dungeon.
             The game lasted 00:09:57 (4438 turns).

ThatPearl the Chopper (Hill Orc Monk)               Turns: 4438, Time: 00:09:57

Health: -1/62      AC:  6    Str: 16    XL:     7   Next: 1%
Magic:  7/7        EV: 10    Int: 10    God:
Gold:   368        SH:  0    Dex: 13    Spells: 4/6 levels left

rFire   . . .      SeeInvis .   a - +2 hand axe (flame)
rCold   . . .      Faith    .   (no shield)
rNeg    . . .      Spirit   .   o - +0 scale mail
rPois   .          Reflect  .   (no helmet)
rElec   .          Harm     .   (no cloak)
rCorr   .          Rampage  .   (no gloves)
Will    .....                   (no boots)
Stlth   ..........              (no amulet)
HPRegen 0.20/turn               j - ring of wizardry
MPRegen 0.10/turn               (no ring)

@: no status effects
A: no striking features
a: no special abilities


You were on level 4 of the Dungeon.
You visited 1 branch of the dungeon, and saw 4 of its levels.

You collected 368 gold pieces.

Inventory:

Hand Weapons
 a - a +2 hand axe of flaming (weapon)
 b - a +0 sling
 m - a +1 spear of freezing
Missiles
 w - 9 poisoned darts (quivered)
Armour
 e - a +0 pair of gloves
 o - a +0 scale mail (worn)
Jewellery
 j - a ring of wizardry (left hand)
 n - a ring of willpower
 v - a ring of fire
Wands
 c - a wand of flame (16)
Scrolls
 f - a scroll of vulnerability {unknown}
 g - a scroll of enchant weapon {unknown}
 h - 2 scrolls of fear {unknown}
 p - a scroll of enchant armour {unknown}
 r - a scroll of noise {unknown}
 s - a scroll of torment {unknown}
 t - a scroll of teleportation {unknown}
Potions
 d - 2 potions of lignification
 i - a potion of cancellation
 k - a potion of attraction
 l - 2 potions of flight
 q - a potion of magic {unknown}
 u - a potion of resistance {unknown}
 x - a potion of curing {unknown}


   Skills:
 + Level 5.8 Fighting
 * Level 7.6 Axes
 + Level 3.0 Armour
 - Level 2.4 Dodging
 - Level 1.5 Stealth


You had 4 spell levels left.
You knew the following spells:

 Your Spells              Type           Power      Damage    Failure   Level
a - Apportation           Tloc           0%         N/A       45%         1
f - Foxfire               Conj/Fire      0%         2x1d4     45%         1

Your spell library contained the following spells:

 Spells                   Type           Power      Damage    Failure   Level
 Poisonous Vapours        Pois/Air       0%         N/A       58%         2
 Confusing Touch          Hex            0%         N/A       82%         3
 Conjure Flame            Conj/Fire      0%         6-21      82%         3
 Inner Flame              Hex/Fire       0%         N/A       82%         3
 Corpse Rot               Necr/Pois/Air  0%         N/A       99%         4
 Flame Wave               Conj/Fire      0%         2d4       99%         4
 Alistair's Intoxication  Tmut/Pois      0%         N/A       100%        5
 Yara's Violent Unravell  Hex/Tmut       0%         3d3       100%        5
 Enfeeble                 Hex            0%         N/A       100%        7


Dungeon Overview and Level Annotations

Branches:
Dungeon (4/15)
 Temple: D:4-7

Altars:
Dithmenos


Message History

Aim: a two-headed ogre, wielding two +0 giant clubs (74% to hit)
You throw a poisoned dart.
The poisoned dart hits the two-headed ogre.
The two-headed ogre is poisoned.
Throw: 11 darts (poison)
Press: ? - help, Q - select action, (/) - cycle Shift-Dir - straight line, f/p - two-headed ogre
Aim: a two-headed ogre, wielding two +0 giant clubs (poisoned, 74% to hit)
You throw a poisoned dart.
The poisoned dart hits the two-headed ogre.
The two-headed ogre looks even sicker.
Throw: 10 darts (poison)
Press: ? - help, Q - select action, (/) - cycle Shift-Dir - straight line, f/p - two-headed ogre
Aim: a two-headed ogre, wielding two +0 giant clubs (very poisoned, 74% to hit)
You throw a poisoned dart.
The poisoned dart hits the two-headed ogre.
The two-headed ogre looks even sicker.
You slash the two-headed ogre! You burn the two-headed ogre.
The two-headed ogre is moderately wounded.
The two-headed ogre barely misses you. x2
You hit the two-headed ogre. You burn the two-headed ogre.
The two-headed ogre is moderately wounded.
The two-headed ogre barely misses you.
The two-headed ogre hits you with a +0 giant club!
You barely miss the two-headed ogre.
The two-headed ogre is moderately wounded.
You hit the two-headed ogre. You burn the two-headed ogre.
The two-headed ogre is moderately wounded.
The two-headed ogre barely misses you.
The two-headed ogre hits you with a +0 giant club!
You hit the two-headed ogre. You burn the two-headed ogre.
The two-headed ogre is heavily wounded.
You hit the two-headed ogre. You burn the two-headed ogre.
The two-headed ogre is heavily wounded.
The two-headed ogre hits you with a +0 giant club!!
* * * LOW HITPOINT WARNING * * *
The two-headed ogre closely misses you.
Unknown command.
The two-headed ogre attacks as you move away!
The two-headed ogre hits you with a +0 giant club!
You die...

#...## ###. ##..#
##... #.##
###..## #.##
##...## #..#
###..### #..#
##...## ##..##
###..###
###(..O#####...##
####
#((.###@......##
##... ......####
##.......# #....
....# #.......#
##.... ..#
#.......# #.....
. #.......#
##..... ##.....##
#......
###....###......
####..##......
##.##......


You could see a two-headed ogre (very poisoned).

Vanquished Creatures
  A necrophage (D:2)
  A howler monkey (D:3)
  2 jellies
  A gnoll bouda (D:4)
  2 iguanas
  2 orc wizards (D:2)
  3 gnolls (D:4)
  4 adders
  2 worms
  3 dart slugs
  3 orcs (D:2)
  4 ball pythons
  6 endoplasms
  3 giant cockroaches
  7 hobgoblins
  7 jackals (D:1)
  5 quokkas
  6 bats
  6 frilled lizards
  5 goblins
  7 kobolds
  7 rats
87 creatures vanquished.

Vanquished Creatures (others)
  4 fungi (D:1)
  6 toadstools (D:1)
10 creatures vanquished.

Grand Total: 97 creatures vanquished

Notes
Turn   | Place    | Note
-------+----------+-------------------------------------------
     0 | D:1      | ThatPearl the Hill Orc Monk began the quest for the Orb.
     0 | D:1      | Reached XP level 1. HP: 19/19 MP: 1/1
    40 | D:1      | HP: 1/20 [jackal (2)]
   417 | D:1      | Reached XP level 2. HP: 27/27 MP: 2/2
   583 | D:1      | Reached XP level 3. HP: 17/34 MP: 3/3
   958 | D:1      | Reached skill level 5 in Axes
  1479 | D:2      | Reached XP level 4. HP: 41/41 MP: 4/4
  1537 | D:2      | Reached skill level 1 in Armour
  1912 | D:2      | Learned a level 1 spell: Apportation
  1997 | D:2      | Reached skill level 5 in Fighting
  2178 | D:3      | Noticed a necrophage
  2194 | D:2      | Killed a necrophage
  2195 | D:2      | Reached skill level 6 in Axes
  2195 | D:2      | Reached XP level 5. HP: 29/48 MP: 5/5
  2387 | D:3      | Reached XP level 6. HP: 34/56 MP: 6/6
  2542 | D:3      | Reached skill level 7 in Axes
  2666 | D:3      | Found a shadowy altar of Dithmenos.
  3058 | D:2      | Found a faded altar of an unknown god.
  3507 | D:4      | Noticed a two-headed ogre
  3547 | D:4      | Learned a level 1 spell: Foxfire
  4022 | D:4      | Reached XP level 7. HP: 46/62 MP: 7/7
  4438 | D:4      | Slain by a two-headed ogre

Illustrated notes

Levels and vault maps discovered:
D:1:      elethiomel_arrival_quiet, layout_loops_ring, minmay_gold_behind_fungi
D:2:      layout_basic, ebering_ecumenical_altar_hall
D:3:      layout_rooms, nicolae_dithmenos_through_a_glass_darkly,
          grunt_ministairs_13, dreamdust_princess_corridor
D:4:      layout_cave_pods, serial_bayou, serial_bayou_lake_a,
          serial_bayou_shore_b, serial_bayou_pond_e, serial_bayou_shore_a,
          wad_floor_pattern_untrapped

Skill      XL: |  1  2  3  4  5  6 |
---------------+-------------------+-----
Fighting       | 4 5 |  5.8
Axes           | 5 6 7 |  7.6
Armour         | 1 2 3 |  3.0
Dodging        | |  2.4
Stealth        | |  1.5

Action                   |  1- 3 |  4- 6 |  7- 9 || total
-------------------------+-------+-------+-------++-------
Melee: Hand axe          |   129 |   162 |     6 ||   297
       Punch             |     2 |     1 |       ||     3
 Fire: Sling             |     5 |       |       ||     5
Throw: Dart              |       |     1 |     3 ||     4
Evoke: Wand              |       |     1 |       ||     1
  Use: Potion            |       |     1 |       ||     1
       Scroll            |       |     5 |       ||     5
Armor: Robe              |    15 |       |       ||    15
       Chain mail        |     7 |    42 |       ||    49
       Leather armour    |     5 |       |       ||     5
       Scale mail        |       |    29 |       ||    29
Dodge: Dodged            |    87 |    52 |     5 ||   144
